 Dungeon Crawl Stone Soup version 0.30-a0-4-ga7cffc901d (webtiles) character file.

Game seed: 14432458723405826078

4 Setbun the Sneak (level 1, 0/11 HPs)
             Began as a Kobold Enchanter on Aug 20, 2022.
             Frozen to death by an endoplasm (2 damage)
             ... on level 1 of the Dungeon.
             The game lasted 00:00:13 (135 turns).

Setbun the Sneak (Kobold Enchanter)                  Turns: 135, Time: 00:00:13

Health: 0/11       AC:  2    Str:  5    XL:     1   Next: 66%
Magic:  3/3        EV: 15    Int: 16    God:
Gold:   18         SH:  0    Dex: 15    Spells: 4/4 levels left

rFire   . . .      SeeInvis .    a - +1 dagger
rCold   . . .      Faith    .    (no shield)
rNeg    . . .      Spirit   .    b - +0 robe
rPois   .          Reflect  .    (no helmet)
rElec   .          Harm     .    (no cloak)
rCorr   .          Rampage  .    (no gloves)
Will    .....                    (no boots)
Stlth   ++........               (no amulet)
HPRegen 0.03/turn                (no ring)
MPRegen 0.08/turn                (no ring)

@: very slow
A: small, no large weapons, nightstalker 3
a: no special abilities


You were on level 1 of the Dungeon.
You visited 1 branch of the dungeon, and saw 1 of its levels.

You collected 18 gold pieces.

Inventory:

Hand Weapons
 a - a +1 dagger (weapon)
Armour
 b - a +0 robe (worn)
Scrolls
 d - a scroll of magic mapping {unknown}
Potions
 c - 2 potions of invisibility
 e - a potion of haste {unknown}


   Skills:
 + Level 0.3 Fighting
 + Level 1.5 Short Blades
 + Level 2.5 Dodging
 + Level 4.0 Stealth
 + Level 2.2 Spellcasting
 + Level 3.0 Hexes


You had 4 spell levels left.
You didn't know any spells.
Your spell library contained the following spells:

 Spells                   Type           Power      Damage    Failure   Level
 Ensorcelled Hibernation  Hex/Ice        12%        N/A       17%         2
 Confusing Touch          Hex            11%        N/A       17%         3
 Tukima's Dance           Hex            11%        N/A       17%         3
 Dazzling Flash           Conj/Hex       12%        N/A       32%         3


Dungeon Overview and Level Annotations

Branches:
Dungeon (1/15)

Altars:


Innate Abilities, Weirdness & Mutations

You are small and have problems with some larger weapons.
You are completely attuned to the shadows.


Message History

Moving in this stuff is going to be slow.
You enter the shallow water.
Moving in this stuff is going to be slow.
You enter the shallow water.
Moving in this stuff is going to be slow.
An endoplasm comes into view.
An endoplasm is nearby!
An endoplasm is nearby!
You enter the shallow water.
Moving in this stuff is going to be slow.
The endoplasm quivers.
Your unstable footing causes you to fumble your attack.
You hit the endoplasm but do no damage. The endoplasm freezes you.
You are frozen.
You hit the endoplasm but do no damage. The endoplasm barely misses you.
You hit the endoplasm.
The endoplasm is heavily wounded.
The endoplasm splashes around in the water.
You hit the endoplasm.
The endoplasm is severely wounded.
The endoplasm splashes around in the water.
You hit the endoplasm but do no damage.
The endoplasm is severely wounded.
The endoplasm hits you.
Your unstable footing causes you to fumble your attack.
The endoplasm splashes around in the water.
Your unstable footing causes you to fumble your attack.
You barely miss the endoplasm.
The endoplasm is severely wounded.
The endoplasm freezes you.
You are frozen.
* * * LOW HITPOINT WARNING * * *
You are too injured to fight recklessly!
An endoplasm is nearby!
An endoplasm is nearby!
Your unstable footing causes you to fumble your attack.
The endoplasm freezes you.
You are frozen.
You die...

.........# .....#..##
.####..#####
.....#..... ##.......
.........#. .........
...#######. ...~.≈.~
### ####... ~.♣~.J##
#...... ♣~♣@≈(##.#
###.##.## #≈.~.~[#.#
#...#....
.~~♣~♣~~..###.....#.#
~~♣#~.≈...#.........#
~.~.~≈~.....#########
###≈~♣~≈~~.###
≈.~.≈....~.#
#≈..~♣~.~).#
#####.....##


You could see an endoplasm.

Vanquished Creatures
  An endoplasm (D:1)
  A goblin (D:1)
  A kobold (D:1)
  A rat (D:1)
4 creatures vanquished.

Notes
Turn   | Place    | Note
-------+----------+-------------------------------------------
     0 | D:1      | Setbun the Kobold Enchanter began the quest for the Orb.
     0 | D:1      | Reached XP level 1. HP: 10/10 MP: 3/3
   135 | D:1      | Frozen to death by an endoplasm

Illustrated notes

Levels and vault maps discovered:
D:1:      minmay_arrival_stone_box, layout_rooms,
          hellmonk_ecumenical_altar_prayer_group, chequers_serial_rivers_marsh,
          hangedman_abyss_or_decor_lesser_grid

Action                   || total
-------------------------++-------
Melee: Dagger            ||    14
 Stab: Sleeping          ||     4
Dodge: Dodged            ||     1

Table legend: (Time is in decaauts)
 A = Elapsed time spent in this place.
 B = Non-inter-level travel time spent in this place.
 C = Inter-level travel time spent in this place.
 D = Time resting spent in this place.
 E = Time spent auto-exploring this place.
 F = Levels seen in this place.
 G = Mean time per level.
                   A        B        C        D        E       F      G
               +--------+--------+--------+--------+--------+-----+--------+
         Total |    136 |    136 |      0 |      0 |     99 |   1 |  136.0 |
       Dungeon |    136 |    136 |      0 |      0 |     99 |   1 |  136.0 |
               +--------+--------+--------+--------+--------+-----+--------+

Top non-repeatable levels by time:
     D:1: 136 daAuts
